 Dungeon Crawl Stone Soup version 0.29.1-2-gbd0b4ee654 (webtiles) character file.

Game seed: 14880792891523141592

111 DemonSlayer the Firebug (level 4, 0/31 HPs)
             Began as a Demonspawn Fire Elementalist on Nov 23, 2022.
             Was an Initiate of Cheibriados.
             Slain by a gnoll
             ... wielding a +0 halberd
             ... led by a gnoll bouda
              (9 damage)
             ... on level 4 of the Dungeon.
             The game lasted 00:11:39 (3121 turns).

DemonSlayer the Firebug (DsFE)                      Turns: 3121, Time: 00:11:40

Health: 0/31       AC:  9    Str: 11    XL:     4   Next: 62%
Magic:  1/7        EV: 16    Int: 18    God:    Cheibriados [......]
Gold:   158        SH:  0    Dex: 14    Spells: 1/7 levels left

rFire   + . .      SeeInvis .   k - +1 demon trident (vamp)
rCold   . . .      Faith    .   (no shield)
rNeg    . . .      Spirit   .   d - +0 leather armour
rPois   .          Reflect  .   l - +1 helmet
rElec   .          Harm     .   p - +0 cloak
rCorr   .          Rampage  .   q - +0 pair of gloves
Will    .....                   (no boots)
Stlth   ++........              (no amulet)
HPRegen 0.10/turn               n - +4 ring of evasion
MPRegen 0.10/turn               o - ring of protection from fire

@: very slow
A: molten scales 1, foul stench 1
a: Renounce Religion


You were on level 4 of the Dungeon.
You worshipped Cheibriados.
Cheibriados was noncommittal.
You visited 1 branch of the dungeon, and saw 4 of its levels.

You collected 158 gold pieces.

Inventory:

Hand Weapons
 k - a +1 vampiric demon trident (weapon)
Missiles
 e - 14 poisoned darts
Armour
 d - a +0 leather armour (worn)
 l - a +1 helmet (worn)
 p - a +0 cloak (worn)
 q - a +0 pair of gloves (worn)
Jewellery
 n - a +4 ring of evasion (left hand)
 o - a ring of protection from fire (right hand)
 s - a ring of wizardry
Scrolls
 c - a scroll of brand weapon {unknown}
 g - a scroll of immolation {unknown}
 i - 2 scrolls of noise {unknown}
 j - a scroll of identify {unknown}
Potions
 a - a potion of mutation {unknown}
 b - a potion of attraction {unknown}
 f - a potion of invisibility {unknown}
 h - a potion of ambrosia {unknown}
 t - 2 potions of curing
 v - a potion of heal wounds {unknown}
 w - a potion of haste {unknown}


   Skills:
 + Level 0.4 Fighting
 + Level 0.2 Short Blades
 + Level 1.1 Polearms
 + Level 0.8 Armour
 + Level 2.2 Dodging
 + Level 2.0 Stealth
 + Level 2.3 Spellcasting
 + Level 2.0 Conjurations
 + Level 3.4 Fire Magic


You had one spell level left.
You knew the following spells:

 Your Spells              Type           Power      Damage    Failure   Level
a - Foxfire               Conj/Fire      48%        2x1d6     8%          1
b - Scorch                Fire           28%        2d6       9%          2
c - Conjure Flame         Conj/Fire      12%        6-21      22%         3

Your spell library contained the following spells:

 Spells                   Type           Power      Damage    Failure   Level
 Inner Flame              Hex/Fire       8%         N/A       34%         3
 Flame Wave               Conj/Fire      12%        2d6       58%         4
 Summon Cactus Giant      Summ           1%         N/A       100%        6


Dungeon Overview and Level Annotations

Branches:
Dungeon (4/15)
 Temple: D:4-7

Altars:
Cheibriados

Annotations:
D:4 1 runed translucent door


Innate Abilities, Weirdness & Mutations

You are partially covered in molten scales. (AC +2)
You may rarely emit foul miasma when damaged in melee.


Message History

Okay, then.
The gnoll closely misses you. The gnoll barely misses you.
The gnoll misses you.
The gnoll bouda gazes fiercely through you!
You feel your attacks grow feeble. The gnoll misses you.
As you read the scroll labelled XUAHUS POVUL, it crumbles to dust.
You hear the tinkle of a tiny bell.
It was a scroll of butterflies.
The gnoll hits you but does no damage. x2; The gnoll closely misses you.
The gnoll bouda hits you with a +0 whip!
The gnoll completely misses you.
You swap places.
The gnoll hits your butterfly with a +0 spear.
Your butterfly dies!
Your butterfly disappears in a burst of colours!
The gnoll barely misses your butterfly. x2
The gnoll bouda completely misses you.
The gnoll hits your butterfly with a +0 flail!
Your butterfly dies!
Your butterfly disappears in a burst of colours!
The gnoll hits you from afar with a +0 spear!
* * * LOW HITPOINT WARNING * * *
The endoplasm quivers.
The gnoll is no longer moving quickly. x2
The gnoll bouda hits your butterfly with a +0 whip!
Your butterfly dies!
Your butterfly disappears in a burst of colours!
The gnoll hits your butterfly with a +0 spear.
Your butterfly dies!
Your butterfly disappears in a burst of colours!
You see here a throwing net.
It was a potion of curing.
You feel better. The gnoll misses you. The gnoll barely misses you.
The gnoll bouda barks out a call to the hunt!
The gnolls pick up the pace!
Okay, then.
Your attacks no longer feel as feeble.
The gnoll is no longer moving quickly.
The gnoll completely misses you.
The gnoll hits you from afar with a +0 halberd!
You die...

#.....................
#....................#
#....................#
###...##........))...#
#.......##..........
#...........#.......
####......b....#....#..
#.....b..b.....+....#..
#.##.#@........##.### .
#.#..#..bbb.....#..
#.##.#gggbb....
#....#gg.......
######.....b...
##........ .).......
.......... #......###+


You could see a gnoll bouda (ally target) and 4 gnolls.

Vanquished Creatures
  A mummy (D:3)
  A gnoll (D:4)
  4 dart slugs
  3 worms (D:2)
  4 orcs
  6 ball pythons
  4 bats
  8 endoplasms
  3 giant cockroaches
  5 hobgoblins
  6 kobolds
  4 quokkas
  8 frilled lizards
  3 goblins
  9 rats
69 creatures vanquished.

Vanquished Creatures (others)
  146 foxfires
146 creatures vanquished.

Grand Total: 215 creatures vanquished

Notes
Turn   | Place    | Note
-------+----------+-------------------------------------------
     0 | D:1      | DemonSlayer the Demonspawn Fire Elementalist began the
                  | quest for the Orb.
     0 | D:1      | Reached XP level 1. HP: 13/13 MP: 3/3
   356 | D:1      | Reached skill level 3 in Fire Magic
   465 | D:1      | Gained mutation: You may rarely emit foul miasma when
                  | damaged in melee. [demonic ancestry]
   465 | D:1      | Reached XP level 2. HP: 19/19 MP: 1/5
   468 | D:1      | Learned a level 2 spell: Scorch
   935 | D:1      | Gained mutation: You are partially covered in molten
                  | scales. (AC +2) [demonic ancestry]
   935 | D:1      | Reached XP level 3. HP: 22/24 MP: 0/6
  1324 | D:1      | Learned a level 3 spell: Conjure Flame
  1629 | D:2      | Found a faded altar of an unknown god.
  2326 | D:3      | Reached XP level 4. HP: 31/31 MP: 0/7
  2327 | D:3      | Reached skill level 1 in Polearms
  2448 | D:3      | Found a snail-covered altar of Cheibriados.
  2474 | D:3      | Became a worshipper of Cheibriados the Contemplative
  3104 | D:4      | Found a runed translucent gate.
  3121 | D:4      | Slain by a gnoll

Illustrated notes

Levels and vault maps discovered:
D:1:      ncdulo_watergridlock, layout_rooms, serial_bayou_crossing
D:2:      layout_loops_ring, hellmonk_ecumenical_altar_pennies_from_heaven
D:3:      layout_loops_ring, slow_altar_1, hangedman_glass_teeth, st_stairs_5,
          minmay_misc_feat_tiny
D:4:      layout_basic, mainiacjoe_overflow_24_doors, mainiacjoe_overflow_paths,
          led_sif_pool, gammafunk_ghost_split

Skill      XL: |  1  2  3  4 |
---------------+-------------+-----
Fire Magic     | 3 |  3.4
Dodging        | 2 |  2.2
Stealth        | 2 |  2.0
Polearms       | 1 |  1.1
Conjurations   | 2 |  2.0
Fighting       | |  0.4
Short Blades   | |  0.2
Armour         | |  0.8
Spellcasting   | |  2.3

Action                   |  1- 3 |  4- 6 || total
-------------------------+-------+-------++-------
Melee: Dagger            |    23 |       ||    23
       Demon trident     |    47 |    28 ||    75
 Cast: Foxfire           |    72 |    20 ||    92
       Scorch            |       |     1 ||     1
  Use: Potion            |     1 |     1 ||     2
       Scroll            |       |     2 ||     2
 Stab: Sleeping          |     2 |       ||     2
Armor: Leather armour    |    24 |    18 ||    42
Dodge: Dodged            |    45 |    45 ||    90
